[Event "Titled Tuesday Blitz November 22 Late 2022"]
[White "Reprintsev, Alexander"]
[Black "Machidon, Cristi"]
[WhiteFideId "14100541"]
[BlackFideId "13904590"]
[WhiteElo "2230"]
[BlackElo "2333"]
[Result "1-0"]
[Round "07"]
[TimeControl "180+1"]
[Date "2022.11.23"]
[WhiteClock "0:01:53"]
[BlackClock "0:01:08"]

1. e4 d6 2. d4 Nf6 3. Nc3 e5 4. dxe5 dxe5 5. Qxd8+ Kxd8 6. f4 Bb4 7. Bd2 Nc6 8. O-O-O Ke7 9. Nd5+ Nxd5 10. exd5 Bxd2+ 11. Rxd2 Nb4 12. a3 Na6 13. Bxa6 bxa6 14. fxe5 Rd8 15. Nf3 Bb7 16. Rhd1 Rd7 17. c4 Rad8 18. Nd4 g6 19. Kc2 Kf8 20. Kc3 Kg7 21. e6 Re7 22. exf7 Rd6 23. Ne6+ Kxf7 24. Rf1+ Ke8 25. Rf8+ Kd7 26. Rd8# 1-0


[Site "https://www.chess.com"]

[Event "Titled Tuesday Blitz November 22 Late 2022"]
[White "Riff, Vincent"]
[Black "Steinberg, Nitzan"]
[WhiteFideId "617776"]
[BlackFideId "2801795"]
[WhiteElo "2369"]
[BlackElo "2491"]
[Result "0-1"]
[Round "07"]
[TimeControl "180+1"]
[Date "2022.11.22"]
[WhiteClock "0:00:50"]
[BlackClock "0:01:41"]

1. Nf3 d5 2. e3 Nf6 3. c4 e6 4. b3 a5 5. Bb2 Be7 6. Nc3 O-O 7. Be2 c6 8. O-O Nbd7 9. Qc2 b6 10. Rfd1 Bb7 11. Rac1 Rc8 12. Qb1 Re8 13. Qa1 Bd6 14. d3 e5 15. cxd5 cxd5 16. Nb5 Bb8 17. d4 exd4 18. Bxd4 Nc5 19. Bxf6 Qxf6 20. Qxf6 gxf6 21. Nfd4 Ba6 22. Nc3 Bb7 23. Nf5 Rcd8 24. Rd4 Be5 25. Rg4+ Kh8 26. Nb5 Bc8 27. Nh6 Bxg4 28. Bxg4 Kg7 29. Nf5+ Kf8 30. Rd1 Ne4 31. Bf3 Rc8 32. Nfd4 Rc5 33. g3 Bxd4 34. Nxd4 Nc3 35. Rd3 Nxa2 36. Nf5 Re5 37. Bg4 Nc1 38. Rd1 Nxb3 39. f4 Re8 40. Bf3 Rc1 0-1


[Site "https://www.chess.com"]

[Event "Titled Tuesday Blitz November 22 Late 2022"]
[White "Rios Escobar, Adan"]
[Black "Bazzano, Sebastian"]
[WhiteFideId "3403645"]
[BlackFideId "104566"]
[WhiteElo "2317"]
[BlackElo "2218"]
[Result "1-0"]
[Round "07"]
[TimeControl "180+1"]
[Date "2022.11.23"]
[WhiteClock "0:00:27"]
[BlackClock "0:00:01"]

1. d4 Nf6 2. g3 g6 3. Bg2 Bg7 4. e4 d6 5. Ne2 O-O 6. O-O e5 7. Nbc3 exd4 8. Nxd4 Nc6 9. Nxc6 bxc6 10. b3 Nxe4 11. Nxe4 Bxa1 12. c3 f5 13. Bg5 Qd7 14. Nf6+ Rxf6 15. Bxf6 Qf7 16. Bd4 Ba6 17. Qxa1 Bxf1 18. Qxf1 d5 19. Qa6 Rd8 20. Qxc6 f4 21. Bh3 Re8 22. gxf4 Re1+ 23. Kg2 Qxf4 24. Be6+ Kf8 25. Bc5+ Kg7 26. Qd7+ Kh6 27. Qxd5 Qe4+ 28. Qxe4 Rxe4 29. Bd5 Re5 30. Be3+ g5 31. c4 Kg6 32. Bxa7 h5 33. a4 g4 34. h4 1-0


[Site "https://www.chess.com"]

[Event "Titled Tuesday Blitz November 22 Late 2022"]
[White "Rizzo, Tobias"]
[Black "Ibadov, Dashgyn"]
[WhiteFideId "30942691"]
[BlackFideId "24107514"]
[WhiteElo "2314"]
[BlackElo "2208"]
[Result "1-0"]
[Round "07"]
[TimeControl "180+1"]
[Date "2022.11.23"]
[WhiteClock "0:02:05"]
[BlackClock "0:01:04"]

1. d4 d5 2. Bf4 Nf6 3. e3 c5 4. Nc3 Nc6 5. Nb5 Qa5+ 6. c3 cxd4 7. exd4 e5 8. dxe5 Ne4 9. Qxd5 Bf5 10. Bc4 Bg6 11. e6 Rd8 12. exf7+ Ke7 13. Qe6# 1-0


[Site "https://www.chess.com"]

[Event "Titled Tuesday Blitz November 22 Late 2022"]
[White "Robson, Ray"]
[Black "Kilic, Eray"]
[WhiteFideId "2023970"]
[BlackFideId "44517173"]
[WhiteElo "2668"]
[BlackElo "2328"]
[Result "1-0"]
[Round "07"]
[TimeControl "180+1"]
[Date "2022.11.22"]
[WhiteClock "0:00:13"]
[BlackClock "0:00:19"]

1. e4 e5 2. Nf3 d5 3. Nxe5 Bd6 4. d4 dxe4 5. Bc4 Bxe5 6. Qh5 Qe7 7. Qxe5 Qxe5 8. dxe5 Nc6 9. Bf4 Nge7 10. Nc3 Bf5 11. O-O-O Ng6 12. Bg3 O-O 13. Bd5 Rfe8 14. Nxe4 Bxe4 15. Bxe4 Ngxe5 16. Rhe1 f6 17. f4 Ng6 18. Rd7 Re7 19. Bd5+ Kf8 20. Rexe7 Ngxe7 21. Bxc6 bxc6 22. Rxc7 a6 23. c4 Re8 24. Bf2 Ng6 25. g3 Re2 26. Bc5+ Ke8 27. h4 Rg2 28. h5 Rxg3 29. hxg6 Rxg6 30. Rxc6 h5 31. Rc8+ Kd7 32. Rh8 Rg4 33. Rxh5 Rxf4 34. b3 g5 35. Kd2 Ke6 36. Ke3 Rf1 37. Bd4 g4 38. Rh6 Rf3+ 39. Ke4 Rg3 40. Rxf6+ Ke7 41. Rxa6 Rg2 42. a4 Re2+ 43. Kf4 Ra2 44. Kxg4 Kd7 45. Kf4 Kc8 46. Ke4 Kb7 47. Rb6+ Kc7 48. Kd5 Rh2 49. c5 Rh5+ 50. Be5+ Kd7 51. c6+ Ke8 52. Rb8+ Ke7 53. Rb7+ Kd8 54. a5 Rh1 55. a6 Rd1+ 56. Ke6 Kc8 57. Rb8# 1-0


[Site "https://www.chess.com"]

[Event "Titled Tuesday Blitz November 22 Late 2022"]
[White "Romanchuk, Viktor"]
[Black "Prydun, Andriy"]
[WhiteFideId "14109271"]
[BlackFideId "14145898"]
[WhiteElo "2242"]
[BlackElo "2163"]
[Result "1-0"]
[Round "07"]
[TimeControl "180+1"]
[Date "2022.11.23"]
[WhiteClock "0:00:09"]
[BlackClock "0:00:02"]

1. d4 Nf6 2. c4 e6 3. Nc3 Bb4 4. e3 O-O 5. Ne2 d5 6. a3 Be7 7. cxd5 exd5 8. Nf4 c6 9. Bd3 Nbd7 10. O-O Re8 11. f3 Bd6 12. e4 dxe4 13. fxe4 Qb6 14. Bc2 Be5 15. Nfe2 Bb8 16. Kh1 Nf8 17. e5 Nd5 18. Nxd5 cxd5 19. Nf4 Be6 20. Qf3 Qc6 21. Bb3 Rd8 22. Be3 a6 23. Rac1 Qd7 24. Rf2 Ba7 25. Rcf1 Rac8 26. Bc2 Ng6 27. Nxe6 fxe6 28. Qg4 Rf8 29. Bxg6 Rxf2 30. Bxh7+ Kxh7 31. Rxf2 Kg8 32. h3 Rf8 33. Rxf8+ Kxf8 34. Kh2 Bb6 35. Kg3 Qf7 36. Qf3 Ke7 37. Qxf7+ Kxf7 38. Kg4 Ba5 39. a4 b5 40. axb5 axb5 41. b3 Bb4 42. h4 Be7 43. h5 Bf8 44. Bg5 Bb4 45. Kf3 Bc3 46. Be3 Bb4 47. g4 Bf8 48. Bd2 Be7 49. g5 Bf8 50. g6+ Kg8 51. Bg5 Bb4 52. Ke3 Be1 53. Kd3 Ba5 54. Bd2 Bd8 55. Bb4 Bh4 56. Bc5 Be1 57. Ke2 Ba5 58. Be7 Bc3 59. Kd3 Be1 60. Bd6 Ba5 61. Ba3 Bd8 62. Bc1 Ba5 63. Bd2 Bc7 64. h6 1-0


[Site "https://www.chess.com"]

[Event "Titled Tuesday Blitz November 22 Late 2022"]
[White "Romero Ruscalleda, Josep"]
[Black "Simonovic, Miroslav"]
[WhiteFideId "2231859"]
[BlackFideId "919152"]
[WhiteElo "2183"]
[BlackElo "2043"]
[Result "1/2-1/2"]
[Round "07"]
[TimeControl "180+1"]
[Date "2022.11.23"]
[WhiteClock "0:01:20"]
[BlackClock "0:00:13"]

1. e4 c5 2. c3 d5 3. exd5 Qxd5 4. d4 Nc6 5. Nf3 Bf5 6. Be3 cxd4 7. cxd4 Bxb1 8. Rxb1 e6 9. Qa4 Bb4+ 10. Bd2 Qe4+ 11. Be2 Qxb1+ 12. Bd1 Qe4+ 13. Be2 Bd6 14. Qb5 Ne7 15. O-O a6 16. Qc4 b5 17. Bd3 bxc4 18. Bxe4 O-O 19. Bc3 Nd5 20. Bd2 f5 21. Bb1 h6 22. Rc1 Rfc8 23. Rxc4 Ncb4 24. b3 a5 25. a3 Na6 26. Bxa5 Bxa3 27. g4 fxg4 28. Ne5 Bb4 29. Bxb4 Rxc4 30. bxc4 Ndxb4 31. Bg6 Ra7 32. c5 Nd5 33. c6 Ne7 34. Bf7+ Kh7 35. Bxe6 Nb4 36. d5 Nexd5 37. Bf5+ Kg8 38. Be6+ Kh8 39. Ng6+ Kh7 40. Nf8+ Kh8 41. Ng6+ Kh7 42. Nf8+ Kh8 43. Ng6+ 1/2-1/2


[Site "https://www.chess.com"]

[Event "Titled Tuesday Blitz November 22 Late 2022"]
[White "Rosenberg, Evan S"]
[Black "Averjanov, Alexey"]
[WhiteFideId "2019299"]
[BlackFideId "14109867"]
[WhiteElo "2385"]
[BlackElo "2593"]
[Result "0-1"]
[Round "07"]
[TimeControl "180+1"]
[Date "2022.11.23"]
[WhiteClock "0:00:03"]
[BlackClock "0:01:02"]

1. d4 d5 2. Nf3 Nf6 3. c3 e6 4. Bf4 c5 5. e3 Bd6 6. Bg3 Qc7 7. Nbd2 Nbd7 8. Bd3 O-O 9. e4 dxe4 10. Nxe4 Nxe4 11. Bxe4 Nf6 12. Bc2 Bxg3 13. hxg3 b6 14. Ng5 h6 15. Ne4 Nxe4 16. Bxe4 Bb7 17. Qf3 Bxe4 18. Qxe4 cxd4 19. Qxd4 Rfd8 20. Qe4 Rd5 21. O-O Rad8 22. a4 Rd2 23. Rab1 Qc5 24. Qb7 a5 25. b4 Qxc3 26. Qxb6 axb4 27. Qxb4 Qxb4 28. Rxb4 Ra2 29. Rfb1 Rdd2 30. Rf4 e5 31. Rb8+ Kh7 32. Rxf7 Rxa4 33. Rbb7 Rg4 34. Kh2 Rg5 35. Kh3 Rd1 36. g4 e4 37. Kg3 Rd3+ 38. f3 exf3 39. gxf3 Rg6 40. Rbd7 Rc3 41. Rd8 Re6 42. Rdd7 Rg6 43. Rd8 Rcc6 44. Rff8 Rge6 45. Rh8+ Kg6 46. f4 Re3+ 47. Kf2 Rb3 48. Rhf8 Rc2+ 49. Ke1 Rb1+ 50. Rd1 Rxd1+ 51. Kxd1 Rg2 52. f5+ Kh7 53. f6 Rxg4 54. fxg7 Kxg7 55. Rf2 h5 0-1


[Site "https://www.chess.com"]

[Event "Titled Tuesday Blitz November 22 Late 2022"]
[White "Rubio Tent, Francisco"]
[Black "Burke, Paul"]
[WhiteFideId "2238233"]
[BlackFideId "2605767"]
[WhiteElo "2211"]
[BlackElo "1917"]
[Result "1-0"]
[Round "07"]
[TimeControl "180+1"]
[Date "2022.11.23"]
[WhiteClock "0:00:21"]
[BlackClock "0:00:05"]

1. e4 e5 2. Nf3 Nc6 3. Bb5 f5 4. d3 Nf6 5. O-O Be7 6. Bc4 d6 7. a3 f4 8. d4 Bg4 9. c3 h6 10. b4 g5 11. Re1 Bxf3 12. Qxf3 exd4 13. cxd4 Nxd4 14. Qc3 c5 15. Bb2 Qc7 16. Nd2 O-O-O 17. Nb3 Nxb3 18. Qxb3 Rhf8 19. e5 dxe5 20. Bxe5 Qb6 21. Be6+ Nd7 22. Rad1 Bf6 23. Rd6 Qb5 24. Bxf6 Rxf6 25. Red1 Rxe6 26. Qxe6 cxb4 27. axb4 a6 28. h3 1-0


[Site "https://www.chess.com"]

[Event "Titled Tuesday Blitz November 22 Late 2022"]
[White "Sabuk, Piotr"]
[Black "Fernandez Garcia, Gumersindo"]
[WhiteFideId "1137565"]
[BlackFideId "24516740"]
[WhiteElo "2326"]
[BlackElo "2140"]
[Result "1/2-1/2"]
[Round "07"]
[TimeControl "180+1"]
[Date "2022.11.23"]
[WhiteClock "0:00:08"]
[BlackClock "0:00:22"]

1. d4 Nf6 2. Bg5 e6 3. e4 h6 4. Bxf6 Qxf6 5. Nf3 c5 6. c3 Nc6 7. d5 exd5 8. exd5 Ne5 9. Nbd2 d6 10. Be2 Nxf3+ 11. Bxf3 Qe5+ 12. Kf1 Be7 13. Qb3 Qf4 14. Qb5+ Kf8 15. Qe2 Bf5 16. Re1 Re8 17. g3 Qa4 18. Kg2 Bf6 19. Qc4 Qd7 20. h4 g6 21. a4 Kg7 22. g4 Bc2 23. Rc1 Bxa4 24. b3 Bb5 25. Qf4 g5 26. Qh2 Be5 27. Qh3 Bf4 28. Rcd1 Be2 29. Bxe2 Rxe2 30. Nc4 Qe7 31. Qf3 b5 32. Kf1 Ra2 33. Re1 Qf6 34. Ne3 Bxe3 35. Qxf6+ Kxf6 36. Rxe3 Ra1+ 37. Kg2 Rxh1 38. Kxh1 gxh4 39. Kg2 Rg8 40. Kh3 Rg5 41. c4 bxc4 42. bxc4 Re5 43. Ra3 Re4 44. Rc3 a5 45. Kxh4 a4 46. f3 Rd4 47. Kh5 Kg7 48. Kh4 Kg6 49. Kg3 a3 50. Rxa3 Rxc4 51. Ra6 Rd4 52. Rxd6+ f6 53. Rd7 c4 54. d6 c3 55. f4 f5 56. gxf5+ Kxf5 57. Rc7 Rd3+ 58. Kf2 Kxf4 59. d7 h5 60. Rc4+ Kg5 61. Rxc3 Rd2+ 62. Kg3 h4+ 63. Kh3 Rxd7 64. Rc5+ Kg6 65. Kxh4 Rd4+ 66. Kg3 Rd6 67. Rc4 Rf6 68. Rf4 Rxf4 69. Kxf4 1/2-1/2


[Site "https://www.chess.com"]

[Event "Titled Tuesday Blitz November 22 Late 2022"]
[White "Sadhwani, Raunak"]
[Black "Goltsev, Dmitry"]
[WhiteFideId "35093487"]
[BlackFideId "24176710"]
[WhiteElo "2656"]
[BlackElo "2289"]
[Result "1-0"]
[Round "07"]
[TimeControl "180+1"]
[Date "2022.11.22"]
[WhiteClock "0:01:05"]
[BlackClock "0:00:15"]

1. c4 Nf6 2. Nc3 g6 3. e4 d6 4. d4 Bg7 5. Nf3 O-O 6. Be2 e5 7. O-O exd4 8. Nxd4 Nc6 9. Nc2 Be6 10. f3 Re8 11. Bg5 h6 12. Bh4 g5 13. Bf2 Ne5 14. Ne3 Qd7 15. Rc1 Ng6 16. Re1 Nf4 17. Bf1 c6 18. Qd2 Rad8 19. Rcd1 Qc7 20. Nc2 d5 21. cxd5 cxd5 22. e5 Nd7 23. Nb5 Qc6 24. Nb4 Qc8 25. Nd6 Qb8 26. Nxe8 Rxe8 27. Nd3 Nxd3 28. Bxd3 Nxe5 29. Bg3 a6 30. Kh1 f6 31. Bc2 Qd6 32. Bb3 Rd8 33. f4 gxf4 34. Bxf4 h5 35. Qe2 Bg4 36. Rxd5 Qxd5 37. Bxd5+ Rxd5 38. Qe4 Rb5 39. Bxe5 Rxe5 40. Qc4+ Be6 41. Qxe6+ Rxe6 42. Rxe6 f5 43. Rb6 f4 44. Rxb7 h4 45. Kg1 Be5 46. h3 Kf8 47. Kf2 1-0


[Site "https://www.chess.com"]

[Event "Titled Tuesday Blitz November 22 Late 2022"]
[White "Santos Flores, Alberto"]
[Black "Piesik, Piotr"]
[WhiteFideId "3601234"]
[BlackFideId "1136194"]
[WhiteElo "2235"]
[BlackElo "2316"]
[Result "0-1"]
[Round "07"]
[TimeControl "180+1"]
[Date "2022.11.23"]
[WhiteClock "0:01:39"]
[BlackClock "0:02:51"]

1. d4 c5 2. Nf3 cxd4 3. Nxd4 d5 4. c4 dxc4 5. Qa4+ Bd7 6. Qxc4 e5 7. Nb5 Nc6 8. e3 Rc8 9. N1c3 a6 10. Na3 b5 0-1


[Site "https://www.chess.com"]

[Event "Titled Tuesday Blitz November 22 Late 2022"]
[White "Sarana, Alexey"]
[Black "Deac, Bogdan-Daniel"]
[WhiteFideId "24133795"]
[BlackFideId "1226380"]
[WhiteElo "2708"]
[BlackElo "2648"]
[Result "1-0"]
[Round "07"]
[TimeControl "180+1"]
[Date "2022.11.22"]
[WhiteClock "0:00:10"]
[BlackClock "0:00:02"]

1. d4 Nf6 2. c4 e6 3. Nc3 Bb4 4. e3 d6 5. Bd3 Bxc3+ 6. bxc3 e5 7. e4 O-O 8. Ne2 Re8 9. f3 Nc6 10. g4 Nd7 11. h4 Qf6 12. Kf2 exd4 13. g5 Qe7 14. cxd4 Nb4 15. Ng3 c5 16. Nf5 Qf8 17. Bb2 cxd4 18. Nxd4 Nxd3+ 19. Qxd3 Ne5 20. Qe2 f5 21. gxf6 Qxf6 22. Rag1 Bd7 23. Qe3 Rac8 24. Qb3 Rxc4 25. Nf5 Be6 26. Nxg7 Rc2+ 27. Qxc2 Qxf3+ 28. Ke1 Qe3+ 29. Kd1 Bg4+ 30. Rxg4 Nxg4 31. Qc4+ Kf8 32. Rf1+ Nf2+ 33. Kc2 Rxe4 34. Qc8+ Kf7 35. Qf5+ Ke7 36. Bf6+ 1-0


[Site "https://www.chess.com"]

[Event "Titled Tuesday Blitz November 22 Late 2022"]
[White "Sariego Figueredo, Wilfredo"]
[Black "Torres Dominguez, David"]
[WhiteFideId "3500080"]
[BlackFideId "2220857"]
[WhiteElo "2309"]
[BlackElo "2037"]
[Result "0-1"]
[Round "07"]
[TimeControl "180+1"]
[Date "2022.11.23"]
[WhiteClock "0:00:01"]
[BlackClock "0:00:03"]

1. d4 e5 2. dxe5 d6 3. exd6 Bxd6 4. Nf3 Bg4 5. g3 Nc6 6. Bg2 Qd7 7. O-O O-O-O 8. c3 h5 9. Qc2 h4 10. Nbd2 Bh3 11. Ne4 Bxg2 12. Nxd6+ cxd6 13. Kxg2 hxg3 14. fxg3 Qh3+ 15. Kf2 Ne5 16. Nxe5 Qxh2+ 17. Ke1 Qxg3+ 18. Kd1 dxe5+ 19. Bd2 Nf6 20. Qf5+ Kb8 21. Kc2 Rh5 22. Qf3 Qg6+ 23. Kb3 Rxd2 24. Rac1 Rh8 25. Rg1 Qh6 26. Rh1 Nh5 27. Qxf7 Qb6+ 28. Ka3 Qxb2+ 29. Ka4 b5+ 30. Ka5 Qa3+ 31. Kxb5 Rb2+ 32. Kc4 Rc8+ 33. Kd3 Nf4+ 34. Ke4 Rxe2+ 35. Kf5 Rf8 36. Rb1+ Kc8 37. Rh8 g6+ 38. Kf6 Qd6+ 39. Kg7 Ne6+ 40. Qxe6+ Qxe6 41. Rxf8+ Kd7 42. Rf7+ Kc6 43. Rf6 Qxf6+ 44. Kxf6 Rxa2 45. Kxe5 Ra5+ 46. Kf4 g5+ 47. Kg4 Kc5 48. Rb4 Kc6 49. Kg3 Kd6 50. Kg4 Rc5 51. Ra4 a5 52. c4 Kc6 53. Kg3 Kb6 54. Kg4 Re5 55. Ra2 Rc5 56. Rc2 Kc6 57. Rc3 a4 58. Rc2 Kb6 59. Rb2+ Ka5 60. Rc2 Kb4 0-1


[Site "https://www.chess.com"]

[Event "Titled Tuesday Blitz November 22 Late 2022"]
[White "Schmidt, Harald"]
[Black "Pinheiro, Iung Alicio de O."]
[WhiteFideId "4648358"]
[BlackFideId "2104350"]
[WhiteElo "2312"]
[BlackElo "2283"]
[Result "0-1"]
[Round "07"]
[TimeControl "180+1"]
[Date "2022.11.23"]
[WhiteClock "0:02:29"]
[BlackClock "0:02:12"]

1. e4 c5 2. b3 Nf6 3. e5 Nd5 4. c4 Nc7 5. Nf3 Nc6 6. Bb2 Ne6 7. Nc3 g6 8. Bd3 Bg7 9. Qe2 Nf4 10. Qe3 Nxg2+ 0-1


[Site "https://www.chess.com"]

[Event "Titled Tuesday Blitz November 22 Late 2022"]
[White "Schut, Han"]
[Black "Toncheva, Nadya"]
[WhiteFideId "1005561"]
[BlackFideId "2924056"]
[WhiteElo "2024"]
[BlackElo "2101"]
[Result "0-1"]
[Round "07"]
[TimeControl "180+1"]
[Date "2022.11.23"]
[WhiteClock "0:00:04"]
[BlackClock "0:00:05"]

1. e4 c5 2. Nf3 Nc6 3. d4 cxd4 4. Nxd4 g6 5. c4 Bg7 6. Be3 Nf6 7. Nc3 O-O 8. Be2 d6 9. f3 Bd7 10. Qd2 Nxd4 11. Bxd4 a5 12. b3 Bc6 13. Rc1 Nd7 14. Be3 Nc5 15. O-O Qb6 16. Nb5 Rfc8 17. Rc2 h5 18. Rb1 Qd8 19. Nd4 Bd7 20. a3 Kh7 21. b4 axb4 22. axb4 Ne6 23. Nb3 Ba4 24. f4 Bxb3 25. Rxb3 Ra1+ 26. Rc1 Rxc1+ 27. Qxc1 Nd4 28. Bxd4 Bxd4+ 29. Kh1 Ra8 30. f5 Qh8 31. Rb1 Qe5 32. Bd3 Ra2 33. Qf1 Rf2 34. Qd1 Qf4 35. fxg6+ fxg6 36. e5 Bxe5 37. Qxh5+ Kg7 38. Qxg6+ Kf8 39. Qh5 Rd2 40. Bf1 Rf2 41. Bd3 Rd2 42. Rf1 Rf2 43. Rxf2 Qxf2 44. Qh6+ Ke8 45. Bg6+ Kd7 46. Qc1 Qd4 47. Bf5+ Kc7 48. c5 d5 49. b5 Qh4 50. b6+ Kb8 51. h3 Qg3 52. Kg1 Bd4+ 53. Kh1 Be5 54. Kg1 Qh2+ 55. Kf1 Qh1+ 56. Kf2 Qxc1 0-1


[Site "https://www.chess.com"]

[Event "Titled Tuesday Blitz November 22 Late 2022"]
[White "Shapiro, Daniel"]
[Black "chess50years"]
[WhiteFideId "2001780"]
[WhiteElo "2301"]
[BlackElo "2071"]
[Result "1-0"]
[Round "07"]
[TimeControl "180+1"]
[Date "2022.11.23"]
[WhiteClock "0:01:56"]
[BlackClock "0:01:31"]

1. d4 g6 2. e4 Bg7 3. Nc3 d6 4. h3 Nd7 5. Nge2 e5 6. Be3 Ne7 7. Qd2 c6 8. g3 h5 9. Bg2 h4 10. g4 Ng8 11. O-O Qe7 12. Rad1 Ngf6 13. f4 exf4 14. Bxf4 c5 15. dxc5 dxc5 16. Bd6 Qe6 17. Nb5 1-0


[Site "https://www.chess.com"]

[Event "Titled Tuesday Blitz November 22 Late 2022"]
[White "Shimanov, Aleksandr"]
[Black "Papasimakopoulos, Alexandros"]
[WhiteFideId "4198603"]
[BlackFideId "4244125"]
[WhiteElo "2605"]
[BlackElo "2365"]
[Result "1-0"]
[Round "07"]
[TimeControl "180+1"]
[Date "2022.11.22"]
[WhiteClock "0:00:23"]
[BlackClock "0:00:11"]

1. e4 e6 2. d4 d5 3. Nc3 Bb4 4. Ne2 Nc6 5. a3 Ba5 6. Qd3 Nge7 7. e5 O-O 8. Bg5 h6 9. Bh4 Qe8 10. g4 Ng6 11. Bg3 f6 12. f4 fxe5 13. fxe5 Bd7 14. Bg2 Bb6 15. h4 Nh8 16. O-O-O Qg6 17. Qxg6 Nxg6 18. Nb1 a5 19. c3 Nce7 20. h5 Nh8 21. Nd2 c5 22. Nf3 Bb5 23. Nf4 Bd7 24. dxc5 Bxc5 25. Nd4 Bxd4 26. cxd4 Nf7 27. Kd2 Ng5 28. Ke3 a4 29. Rc1 Nc6 30. Bh4 Rac8 31. Bxg5 hxg5 32. Nd3 b6 33. Rhf1 Na5 34. Rxf8+ Kxf8 35. Rxc8+ Bxc8 36. Kd2 Ba6 37. Nb4 Bb5 38. Bf3 Nc4+ 39. Kc3 Ne3 40. Nc2 Nf1 41. Bg2 Nh2 42. Ne3 Be2 43. Bh3 Ke7 44. Kd2 Bb5 45. Bg2 Kd7 46. Ke1 Bd3 47. Kf2 Be4 48. Kg3 Nxg4 49. Nxg4 Bf5 50. Ne3 Bd3 51. Kg4 Kc6 52. Kxg5 Kb5 53. Bh3 1-0


[Site "https://www.chess.com"]

[Event "Titled Tuesday Blitz November 22 Late 2022"]
[White "Silva, Caio Henrique Angelico"]
[Black "Gerbelli Neto, Eduardo"]
[WhiteFideId "22777210"]
[BlackFideId "2103281"]
[WhiteElo "1990"]
[BlackElo "2178"]
[Result "1/2-1/2"]
[Round "07"]
[TimeControl "180+1"]
[Date "2022.11.23"]
[WhiteClock "0:01:49"]
[BlackClock "0:01:54"]

1. Nf3 Nf6 2. g3 d5 3. Bg2 c5 4. O-O Nc6 5. d4 e6 6. c4 dxc4 7. Ne5 Nxe5 8. dxe5 Qxd1 9. Rxd1 Nd5 10. Na3 c3 11. Nb5 Bd7 12. Nxc3 Nxc3 13. bxc3 O-O-O 14. Rb1 b6 15. Bg5 Re8 16. Rd2 Be7 17. Bxe7 Rxe7 18. Be4 1/2-1/2


[Site "https://www.chess.com"]

[Event "Titled Tuesday Blitz November 22 Late 2022"]
[White "Souleidis, Georgios"]
[Black "Popilski, Gil"]
[WhiteFideId "4206827"]
[BlackFideId "2809060"]
[WhiteElo "2401"]
[BlackElo "2537"]
[Result "1/2-1/2"]
[Round "07"]
[TimeControl "180+1"]
[Date "2022.11.23"]
[WhiteClock "0:00:09"]
[BlackClock "0:00:08"]

1. e4 c5 2. Be2 Nf6 3. d3 d5 4. e5 Nfd7 5. f4 Nc6 6. Nf3 b5 7. O-O Nb6 8. c3 d4 9. cxd4 cxd4 10. Nbd2 Bf5 11. Nh4 Be6 12. f5 Bd5 13. e6 fxe6 14. fxe6 Bxe6 15. Ne4 g6 16. Ng5 Bd5 17. Bf3 Bh6 18. Ne6 Qd6 19. Bxh6 Qxe6 20. Rc1 Ne5 21. Re1 Nxf3+ 22. Nxf3 Qg4 23. Qe2 e6 24. Qe5 Rg8 25. h3 Qh5 26. Nxd4 Qxe5 27. Rxe5 Kd7 28. Nxb5 Rac8 29. Nc3 Kd6 30. Rce1 Rc6 31. Bf4 Kd7 32. Bg3 Rf8 33. Kh2 Rf5 34. R5e2 Nc8 35. a3 Ne7 36. Ne4 Rb6 37. b4 Bxe4 38. dxe4 Rfb5 39. Rd2+ Ke8 40. Red1 Nc6 41. Rd6 Rh5 42. Rxe6+ Kf7 43. Red6 Ne7 44. Rxb6 axb6 45. Rd7 b5 46. Bd6 Ke6 47. Rxe7+ Kxd6 48. Rb7 Re5 49. Kg3 Rxe4 50. Rxb5 Re3+ 51. Kg4 Rxa3 52. Ra5 Rb3 53. Rb5 Ke6 54. Rb6+ Kf7 55. h4 h6 56. g3 Kg7 57. Rb7+ Kf6 58. Rb6+ Kg7 59. Kf4 Kf7 60. g4 Kg7 61. h5 gxh5 62. gxh5 Rb1 63. Rb7+ Kf6 64. Rb6+ Kg7 65. Rg6+ Kf7 66. Rb6 Kg7 1/2-1/2


[Site "https://www.chess.com"]

[Event "Titled Tuesday Blitz November 22 Late 2022"]
[White "Sreyas Payyappat"]
[Black "Yurovskykh, Oleksandr"]
[WhiteFideId "46674969"]
[BlackFideId "14134020"]
[WhiteElo "2083"]
[BlackElo "2265"]
[Result "0-1"]
[Round "07"]
[TimeControl "180+1"]
[Date "2022.11.23"]
[WhiteClock "0:00:42"]
[BlackClock "0:01:11"]

1. e4 e6 2. d4 d5 3. Nc3 dxe4 4. Nxe4 Bd7 5. Nf3 Bc6 6. Bd3 Nd7 7. O-O Ngf6 8. Bg5 Be7 9. Bxf6 Nxf6 10. Nxf6+ Bxf6 11. c3 O-O 12. Re1 Bxf3 13. Qxf3 c6 14. Rad1 Qd5 15. Qh3 g6 16. b3 Rad8 17. c4 Qa5 18. Re2 Rxd4 19. Red2 Rfd8 20. Qf3 Bg7 21. g3 e5 22. Re2 f5 23. Ree1 Rxd3 24. Rxd3 Rxd3 25. Qxd3 Qxe1+ 26. Kg2 Qe4+ 27. Qxe4 fxe4 28. Kf1 Kf7 29. Ke2 Ke6 30. Ke3 Kf5 31. h3 Bh6+ 32. Ke2 Bc1 33. Kd1 Bb2 34. Ke2 Bd4 35. f3 exf3+ 36. Kxf3 e4+ 37. Ke2 h5 38. Kd2 h4 39. gxh4 Kf4 40. Ke2 Kg3 0-1


[Site "https://www.chess.com"]

[Event "Titled Tuesday Blitz November 22 Late 2022"]
[White "Stanisz, Patryk"]
[Black "Fiol, Fabrice"]
[WhiteFideId "1123106"]
[BlackFideId "611670"]
[WhiteElo "2069"]
[BlackElo "2439"]
[Result "0-1"]
[Round "07"]
[TimeControl "180+1"]
[Date "2022.11.23"]
[WhiteClock "0:00:17"]
[BlackClock "0:00:12"]

1. d4 Nf6 2. c4 e6 3. Nc3 Bb4 4. e3 b6 5. Ne2 Ne4 6. Qb3 Bxc3+ 7. Nxc3 Nxc3 8. Qxc3 Bb7 9. d5 O-O 10. e4 exd5 11. exd5 Na6 12. Be3 Nc5 13. Be2 d6 14. O-O Qh4 15. g3 Qh3 16. Bf3 Rae8 17. Rfe1 Ne4 18. Qc2 f5 19. Bf4 g5 20. Bg2 Qh5 21. Be3 Bc8 22. Bd4 g4 23. Re3 Ng5 24. Rae1 Rxe3 25. Rxe3 Nh3+ 26. Bxh3 gxh3 27. Re7 Rf7 28. Qe2 Rxe7 0-1


[Site "https://www.chess.com"]

[Event "Titled Tuesday Blitz November 22 Late 2022"]
[White "Suder, Jakub"]
[Black "Gutkin, Ilya"]
[WhiteFideId "1195310"]
[BlackFideId "16203470"]
[WhiteElo "2243"]
[BlackElo "2265"]
[Result "1-0"]
[Round "07"]
[TimeControl "180+1"]
[Date "2022.11.23"]
[WhiteClock "0:02:36"]
[BlackClock "0:01:14"]

1. d4 e6 2. c4 Bb4+ 3. Bd2 Qe7 4. Nf3 Nf6 5. Nc3 O-O 6. e3 d5 7. Rc1 Rd8 8. Qc2 c5 9. a3 Ba5 10. cxd5 cxd4 11. Nxd4 Bxc3 12. Qxc3 exd5 13. Qxc8 Rxc8 14. Rxc8+ Ne8 15. Bb5 Nc6 16. Rxa8 1-0


[Site "https://www.chess.com"]

[Event "Titled Tuesday Blitz November 22 Late 2022"]
[White "Svane, Rasmus"]
[Black "Mladek, Richard"]
[WhiteFideId "4657101"]
[BlackFideId "386588"]
[WhiteElo "2674"]
[BlackElo "2271"]
[Result "1-0"]
[Round "07"]
[TimeControl "180+1"]
[Date "2022.11.22"]
[WhiteClock "0:02:28"]
[BlackClock "0:01:24"]

1. Nf3 d5 2. g3 c5 3. Bg2 Nc6 4. d4 Nf6 5. O-O e6 6. c4 dxc4 7. Qa4 Bd7 8. Qxc4 b5 9. Qc3 b4 10. Qd3 Rc8 11. Bf4 Nxd4 12. Nxd4 cxd4 13. Nd2 Bc5 14. Bb7 O-O 15. Bxc8 Qxc8 16. Rac1 Ba4 17. Bd6 Bxd6 18. Rxc8 Rxc8 19. Qa6 1-0


[Site "https://www.chess.com"]